 Dungeon Crawl Stone Soup version 0.21-a0-113-g6841d05 (webtiles) character file.

298 MackTheKnife the Poker (level 6, -2/70 HPs)
             Began as a Merfolk Abyssal Knight on July 12, 2017.
             Was a Priest of Lugonu.
             Killed from afar by an orc (8 damage)
             ... with a wand of acid (?/15)
             ... on level 4 of the Dungeon.
             The game lasted 00:12:30 (4416 turns).

MackTheKnife the Poker (Merfolk Abyssal Knight)     Turns: 4416, Time: 00:12:31

Health: -2/70      AC: -1    Str: 18    XL:     6   Next: 35%
Magic:  7/7        EV: 15    Int: 11    God:    Lugonu [***...]
Gold:   73         SH:  0    Dex: 15    Spells: 5/5 levels left

rFire    . . .     SeeInvis .   a - +2 spear
rCold    . . .     Gourm    .   (no shield)
rNeg     . . .     Faith    .   b - +0 leather armour
rPois    .         Spirit   .   r - +1 helmet
rElec    .         Reflect  .   o - +0 cloak
rCorr    .         Harm     .   (no gloves)
MR       .....                  (no boots)
Stlth    ..........             (no amulet)
HPRegen  0.21/turn              (no ring)
MPRegen  0.10/turn              (no ring)

@: berserking, corroded, very quick
A: change form in water, swift swim, stealthy swim
a: Depart the Abyss, Bend Space, Banish, Renounce Religion


You were on level 4 of the Dungeon.
You worshipped Lugonu.
Lugonu was most pleased with you.
You were not hungry.

You visited 1 branch of the dungeon, and saw 4 of its levels.
You visited the Abyss 1 time.
You also visited: Ossuary.

You collected 205 gold pieces.
You spent 132 gold pieces at shops.

Inventory:

Hand Weapons
 a - a +2 spear (weapon)
 i - a +0 trident
   (You took it off an orc on level 4 of the Dungeon)
Armour
 b - a +0 leather armour (worn)
 o - a +0 cloak (worn)
   (You found it on level 3 of the Dungeon)
 r - a +1 helmet (worn)
   (You found it on level 4 of the Dungeon)
Scrolls
 e - a scroll of identify
 f - 4 scrolls of remove curse
 h - 3 scrolls of teleportation
 l - 2 scrolls of fog
 p - a scroll of enchant weapon
 t - 2 scrolls of blinking {!r}
 u - a scroll of amnesia
 w - a scroll of recharging
Potions
 d - 2 potions of agility
 j - a potion of mutation {!q}
 k - a potion of cancellation
 m - 2 potions of magic
 q - 3 potions of curing
 v - a potion of flight {unknown}
Comestibles
 c - 4 bread rations {@e1}
 g - 3 royal jellies
 n - 2 meat rations {@e2}
 s - 6 fruits


   Skills:
 - Level 3.2 Fighting
 + Level 7.4 Polearms
 - Level 0.6 Armour
 + Level 5.8 Dodging
 - Level 2.0 Invocations


You had 5 spell levels left.
You didn't know any spells.

Dungeon Overview and Level Annotations

Branches:
Dungeon (4/15)
 Temple: D:4-7

Altars:
Dithmenos
Fedhas
Hepliaklqana
Trog
Xom
Yredelemnul

Shops:
D:4 !

Annotations:
D:3 1 runed door


Message History

The jackal barks! x2; You hear a bark!
You closely miss the jackal. The jackal barely misses you.
A jackal comes into view.
The jackal barks!
You hit the jackal.
You kill the jackal!
Lugonu accepts your kill.
You hit the jackal. The jackal barely misses you.
A jackal comes into view.
You hit the jackal but do no damage. The jackal bites you.
You take 2 damage, and have 45/47 hp.
You closely miss the jackal. The jackal bites you.
You take 2 damage, and have 43/47 hp.
You puncture the jackal!
You kill the jackal!
Lugonu accepts your kill.
You puncture the jackal!
You kill the jackal!
Lugonu accepts your kill.
Attack whom?
Aim: a jackal You reach to attack!
You closely miss the jackal. The jackal barely misses you.
You hit the jackal but do no damage.
The jackal bites you but does no damage.
You barely miss the jackal. The jackal completely misses you.
You hit the jackal but do no damage. The jackal bites you.
You take 1 damage, and have 42/47 hp.
You hit the jackal. The jackal closely misses you.
You closely miss the jackal.
The jackal bites you but does no damage.
You hit the jackal. The jackal closely misses you.
You barely miss the jackal. The jackal bites you.
You take 2 damage, and have 40/47 hp.
You hit the jackal.
You kill the jackal!
Lugonu accepts your kill.
You see here a jackal corpse.
Found a stone staircase leading up.
There is a stone staircase leading down here.
Found a shadowy altar of Dithmenos.
Health restored: 47
There is an open door here.
All of the chunks of flesh in your inventory have rotted away.
There is an open door here.
An orc comes into view. It is wielding a trident.
The orc shouts!
An orc is nearby!
Attack whom?
Aim: an orc, wielding a trident You reach to attack!
You hit the orc.
Attack whom?
Aim: an orc, wielding a trident (heavily wounded)
You reach to attack!
You hit the orc.
The orc hits you from afar with a trident.
You take 2 damage, and have 45/47 hp.
Attack whom?
Aim: an orc, wielding a trident (almost dead)
You reach to attack!
You completely miss the orc. The orc barely misses you.
Attack whom?
Aim: an orc, wielding a trident (severely wounded)
You reach to attack!
You hit the orc.
You kill the orc!
Lugonu accepts your kill.
No target in view!
Things that are here:
a trident; an orc corpse
i - a trident Unknown command.
You see here an orc corpse.
An orc comes into view. It is wielding a whip.
Health restored: 47 An orc is nearby!
Attack whom?
Aim: an orc, wielding a whip and wearing a scale mail You reach to attack!
You hit the orc. You hit the orc but do no damage.
The orc zaps a wand.
The bolt of acid hits you! The acid corrodes you!
You are splashed with acid!
The acid burns!
It is a wand of acid (?/15).
You take 16 damage, and have 31/47 hp.
MASSIVE DAMAGE!!
You hit the orc. The orc closely misses you.
You barely miss the orc. You barely miss the orc. The orc hits you with a whip.
You take 2 damage, and have 29/47 hp.
You hit the orc but do no damage.
The orc zaps a wand.
The bolt of acid hits you! The acid corrodes you!
You are splashed with acid!
The acid burns!
* * * LOW HITPOINT WARNING * * *
You take 25 damage, and have 4/47 hp.
MASSIVE DAMAGE!!
You hit the orc but do no damage.
Okay, then.
Really quaff
x - a potion of berserk rage {!q}?
A red film seems to cover your vision as you go berserk!
You feel yourself moving faster!
You feel mighty!
The orc zaps a wand.
The bolt of acid hits you!
You die...

#.#<..#.#.#.....# #=.###.#
#.###.#...#....##
##.....######
#.........#....# #...........
#####.##.....#.##
##...........
#.###.#.#...#####...#........
#.# #.#.#......##.#.#........
#.# #.#.#.#.r#.##.#.#........
*,* #.#(..##o#.##.#.#........
*,* #....###@.....#.+........
*,* ##...####.#####..........
*,* #.......................
*,* #..######.####..#######.
*,* #..# #..# #..#.....## *,*
#..# ##.###..#.#.#.# *,* #..#
#..##..#.._..# *,* #.>#
##.##..#.#.#.# #.* ##.##
#.##..#.....#


You could see an orc and a quokka.

Vanquished Creatures
  A phantom (D:4)
  An orc wizard (D:3)
  A hound zombie (Ossuary)
  2 mummies (Ossuary)
  A worker ant zombie (Ossuary)
  2 adders
  2 oozes
  2 dart slugs (D:1)
  A leopard gecko (D:4)
  8 orcs
  A ball python (D:3)
  3 giant cockroaches
  13 goblins
  5 hobgoblins
  14 jackals
  8 bats
  6 frilled lizards
  8 kobolds
  A leopard gecko skeleton (D:4)
  A quokka zombie (Ossuary)
  10 rats
  A spectral orc (D:2)
  A fungus (D:3)
93 creatures vanquished.

Vanquished Creatures (others)
  A withered plant (Ossuary)
1 creature vanquished.

Grand Total: 94 creatures vanquished

Notes
Turn   | Place    | Note
-------+----------+-------------------------------------------
     0 | Abyss:1  | MackTheKnife the Merfolk Abyssal Knight began the quest for the Orb.
     0 | Abyss:1  | Reached XP level 1. HP: 18/18 MP: 2/2
    51 | Abyss:1  | Noticed a hell hog
    51 | D:1      | Escaped the Abyss
    51 | D:1      | Noticed an elf
    53 | D:1      | Noticed a vine stalker
    53 | D:1      | Noticed a ghoul
    54 | D:1      | Noticed a ghoul
    56 | D:1      | Noticed a draconian
    57 | D:1      | Noticed a centaur
    62 | D:1      | Noticed an ogre
    64 | D:1      | Noticed a gargoyle
    66 | D:1      | Noticed a vine stalker
    68 | D:1      | Noticed a gargoyle
    70 | D:1      | Noticed a felid
    70 | D:1      | Noticed a minotaur
   155 | D:1      | Reached * piety under Lugonu
   325 | D:1      | Reached skill level 4 in Polearms
   325 | D:1      | Reached XP level 2. HP: 8/24 MP: 3/3
   729 | D:1      | Reached skill level 5 in Polearms
   729 | D:1      | Reached XP level 3. HP: 19/29 MP: 4/4
  1103 | D:1      | Reached skill level 3 in Dodging
  1842 | D:2      | Found a blossoming altar of Fedhas.
  1953 | D:2      | You fall through a shaft!
  1966 | D:3      | Reached ** piety under Lugonu
  2005 | D:3      | Reached XP level 4. HP: 33/35 MP: 5/5
  2322 | D:2      | Found a basalt altar of Yredelemnul.
  2920 | D:3      | Reached skill level 6 in Polearms
  3000 | D:3      | Reached skill level 4 in Dodging
  3075 | D:3      | Reached XP level 5. HP: 14/41 MP: 6/6
  3420 | D:3      | Found a runed door.
  3518 | D:4      | Noticed a phantom
  3555 | D:4      | Killed a phantom
  3555 | D:4      | Reached skill level 7 in Polearms
  3555 | D:4      | Reached skill level 5 in Dodging
  3555 | D:4      | Reached XP level 6. HP: 42/47 MP: 7/7
  3561 | D:4      | Found a hazy altar of Hepliaklqana.
  3562 | D:4      | Found a shimmering altar of Xom.
  3563 | D:4      | Noticed a spectral ugly thing
  3607 | D:4      | Found a bloodstained altar of Trog.
  3625 | D:4      | Found a sand-covered staircase.
  3630 | Ossuary  | Entered an ossuary
  3769 | Ossuary  | HP: 11/47 [wyvern zombie (1)]
  4114 | D:4      | Reached *** piety under Lugonu
  4269 | D:4      | Found Hont's Distillery.
  4272 | D:4      | Bought a potion of berserk rage for 60 gold pieces
  4272 | D:4      | Bought a potion of curing for 36 gold pieces
  4272 | D:4      | Bought a potion of curing for 36 gold pieces
  4357 | D:4      | Found a shadowy altar of Dithmenos.
  4414 | D:4      | HP: 4/47 [acid (13)]
  4416 | D:4      | Killed from afar by an orc

Vault maps used:
D:1:      shiori_arrival_whats_in_store_for_you
D:2:      yredelemnul_forgotten_temple_becter, fedhas_altar_4
D:3:      st_stairs_3, uniq_crazy_yiuf_cottage
D:4:      kennysheep_little_box, regret_index_temple_of_mockery, serial_shops,
          kennysheep_mini, enter_ossuary_2, first_bread,
          trog_three_pillars_becter
Abyss:1:  guppyfry_abyss_exit_glass_guarded
Ossuary:  ossuary_zaba_flooded

Skill      XL: |  1  2  3  4  5 |
---------------+----------------+-----
Polearms       | 4 5 6 7 |  7.4
Dodging        | 3 4 5 |  5.8
Fighting       | |  3.2
Armour         | |  0.6
Invocations    | |  2.0

Action                   |  1- 3 |  4- 6 || total
-------------------------+-------+-------++-------
Melee: Spear             |   158 |   268 ||   426
Invok: Depart the Abyss  |     1 |       ||     1
  Use: Scroll            |     5 |     8 ||    13
       Potion            |       |     2 ||     2
 Stab: Sleeping          |     2 |     1 ||     3
       Distracted        |       |     1 ||     1
  Eat: Chunk             |     3 |     5 ||     8
       Bread ration      |       |     1 ||     1
Armor: Leather armour    |    29 |    24 ||    53
Dodge: Dodged            |    73 |    83 ||   156

Vault maps used:
D:1:      shiori_arrival_whats_in_store_for_you
D:2:      yredelemnul_forgotten_temple_becter, fedhas_altar_4
D:3:      st_stairs_3, uniq_crazy_yiuf_cottage
D:4:      kennysheep_little_box, regret_index_temple_of_mockery, serial_shops,
          kennysheep_mini, enter_ossuary_2, first_bread,
          trog_three_pillars_becter
Abyss:1:  guppyfry_abyss_exit_glass_guarded
Ossuary:  ossuary_zaba_flooded

Table legend:
 A = Turns spent in this place as a percentage of turns spent in the entire game.
 B = Non-inter-level travel turns spent in this place as a percentage of non-inter-level travel turns spent in the entire game.
 C = Inter-level travel turns spent in this place as a percentage of turns spent in this place.
 D = Turns resting spent in this place as a percentage of non-inter-level travel turns spent in this place.
 E = Turns spent auto-exploring this place as a percentage of non-inter-level travel turns spent in this place.
 F = Non-inter-level travel turns spent in this place divided by the number of levels of this place that you've seen.
                   A       B       C       D       E      F
               +-------+-------+-------+-------+-------+----------------------
         Total | 100.0 | 100.0 |   0.7 |   1.8 |   6.4 | 244.0
       Dungeon |  90.0 |  89.9 |   0.8 |   1.7 |   7.1 | 329.0
         Abyss |   3.5 |   3.5 |   0.0 |   0.0 |   0.0 |  51.0
       Ossuary |   6.6 |   6.6 |   0.0 |   4.1 |   0.0 |  97.0
               +-------+-------+-------+-------+-------+----------------------

Table legend:
 A = Kills in this place as a percentage of kills in entire the game.
 B = Kills by you in this place as a percentage of kills by you in the entire game.
 C = Kills by friends in this place as a percentage of kills by friends in the entire game.
 D = Other kills in this place as a percentage of other kills in the entire game.
 E = Experience gained in this place as a percentage of experience gained in the entire game.
 F = Experience gained in this place divided by the number of levels of this place that you have seen.
                   A       B       C       D       E      F
               +-------+-------+-------+-------+-------+----------------------
         Total | 100.0 | 100.0 |  -nan |  -nan | 100.0 |  71.0
       Dungeon |  94.6 |  94.6 |  -nan |  -nan |  82.6 |  88.0
       Ossuary |   5.4 |   5.4 |  -nan |  -nan |  17.4 |  74.0
               +-------+-------+-------+-------+-------+----------------------
